 Dungeon Crawl Stone Soup version 0.30-a0-535-g2c0b3469a7 (webtiles) character file.

Game seed: 2972699403930154820

386558 M4edhros the Black Belt (level 22, -6/204 HPs)
             Began as an Octopode Artificer on Dec 22, 2022.
             Was an Elder of Cheibriados.
             Collided with a rock wall (12 damage)
             ... caused by an elemental wellspring
             ... on level 6 of Cocytus on Dec 24, 2022.
             The game lasted 02:55:40 (17031 turns).

M4edhros the Black Belt (Octopode Artificer)       Turns: 17031, Time: 02:55:41

Health: -6/204     AC: 34    Str: 15 (16) XL:     22   Next: 63%
Magic:  26/32      EV: 34    Int: 22      God:    Cheibriados [****..]
Gold:   892        SH: 20    Dex: 36 (41) Spells: 8/35 levels left

rFire   + + +      SeeInvis .      - Unarmed
rCold   + + +      Faith    .    T - +2 shield of Resistance {rF++ rC++ Will++}
rNeg    + + +      Spirit   .    Y - +2 hat
rPois   ∞          Reflect  .    r - amulet of regeneration
rElec   +          Harm     .    k - +4 ring of evasion
rCorr   .          Rampage  .    E - ring of protection from cold
Will    ++++.      Archmagi +    P - ring of Kabby {rC++ rN+++ Int-3 Dex+6}
Stlth   +++++++++  Clarity  +    W - ring "Peifacw" {rPois Will+ Str-5 Dex+3}
HPRegen 1.34/turn                M - +4 ring of protection
MPRegen 0.23/turn                Z - ring of protection from fire
                                 y - ring of wizardry
                                 d - ring of the Mage {Wiz Archmagi}

@: about to teleport, statue-form, unable to drink, very slow
A: slow and powerful, torment resistance 1, boosted hp, almost no armour,
amphibious, 8 rings, camouflage 1, (gelatinous body 1), nimble swimmer 1,
tentacles, tentacle spike 1, clarity, deterioration 1, cold vulnerability 1
}: 3/15 runes: decaying, serpentine, silver
a: End Transformation, Renounce Religion, Bend Time, Temporal Distortion, Slouch


You were on level 6 of Cocytus.
You worshipped Cheibriados.
Cheibriados was greatly pleased with you.
You were a living statue of rough stone.
You visited 10 branches of the dungeon, and saw 46 of its levels.
You visited 1 bazaar.
You also visited: Ossuary, Bailey, Gauntlet and Wizlab.

You collected 3319 gold pieces.
You spent 2427 gold pieces at shops.

Inventory:

Missiles
 o - 10 atropa-tipped darts (quivered)
 u - 4 throwing nets
 Q - 6 javelins
 S - 7 silver javelins
Armour
 J - a +1 kite shield of reflection
 T - the +2 shield of Resistance (worn) {rF++ rC++ Will++}
   (You took it off a minotaur in a Gauntlet)

   rF:        It greatly protects you from fire.
   rC:        It greatly protects you from cold.
   Will:      It greatly increases your willpower.
 Y - a +2 hat (worn)
Jewellery
 d - the ring of the Mage (on tentacle) {Wiz Archmagi}
   (You took it off a vault warden on level 5 of the Vaults)

   [ring of wizardry]

   It improves your spell success rate.
   Archmagi:  It increases the power of your magical spells.
 k - a +4 ring of evasion (left tentacle)
 r - an amulet of regeneration (around mantle)
 y - a ring of wizardry (on tentacle)
 E - a ring of protection from cold (right tentacle)
 G - a +4 ring of evasion
 M - a +4 ring of protection (on tentacle)
 P - the ring of Kabby (on tentacle) {rC++ rN+++ Int-3 Dex+6}
   (You found it in a Gauntlet)

   [ring of dexterity]

   Int:       It affects your intelligence (-3).
   Dex:       It affects your dexterity (+6).
   rC:        It greatly protects you from cold.
   rN:        It renders you almost immune to negative energy.
 R - the amulet "Zyrhokhyh" {Reflect rC+ SH+5}
   (You found it in a Gauntlet)

   [amulet of reflection]

   It reflects blocked missile attacks.
   rC:        It protects you from cold.
   SH:        It affects your SH (+5).
 W - the ring "Peifacw" (on tentacle) {rPois Will+ Str-5 Dex+3}
   (You found it in a Gauntlet)

   [ring of poison resistance]

   Str:       It affects your strength (-5).
   Dex:       It affects your dexterity (+3).
   rPois:     It protects you from poison.
   Will:      It increases your willpower.
 Z - a ring of protection from fire (on tentacle)
Wands
 b - a wand of flame (55)
 c - a wand of charming (16)
 O - a wand of iceblast (6)
 X - a wand of light (1)
Scrolls
 g - a scroll of magic mapping
 m - 4 scrolls of silence
 v - 3 scrolls of poison
 w - 9 scrolls of teleportation
 x - 2 scrolls of blinking
 z - 4 scrolls of immolation
 A - 4 scrolls of summoning
 B - 2 scrolls of fog
 L - 3 scrolls of fear
Potions
 a - 11 potions of flight
 e - 2 potions of resistance
 h - 6 potions of curing
 i - 2 potions of berserk rage
 n - a potion of invisibility
 p - 3 potions of mutation
 q - 2 potions of cancellation
 C - 3 potions of ambrosia
 D - 6 potions of brilliance
 F - 4 potions of might
 H - 4 potions of magic
 I - 3 potions of attraction
 U - 7 potions of lignification
Miscellaneous
 f - a box of beasts
 j - a phantom mirror
 s - the horn of Geryon
 K - a lightning rod (4/4)
 N - a condenser vane
 V - a phantom mirror


   Skills:
 * Level 15.3 Fighting
 - Level 9.0 Short Blades
 - Level 14.2 Dodging
 - Level 14.1 Stealth
 - Level 15.5 Shields
 * Level 15.9 Unarmed Combat
 - Level 7.3 Spellcasting
 - Level 12.3 Summonings
 + Level 12.7 Translocations
 - Level 10.1 Transmutations
 - Level 10.1 Earth Magic
 - Level 10.3 Invocations
 - Level 10.2 Evocations


You had 8 spell levels left.
You knew the following spells:

 Your Spells              Type           Power      Damage    Failure   Level
a - Statue Form           Tmut/Erth      45%        N/A       9%          6
b - Leda's Liquefaction   Hex/Erth       22%        N/A       4%          4
c - Summon Lightning Spi  Summ/Air       51%        N/A       3%          4
d - Apportation           Tloc           100%       N/A       1%          1
e - Summon Forest         Summ/Tloc      38%        N/A       1%          5
f - Malign Gateway        Summ/Tloc      38%        N/A       17%         7

Your spell library contained the following spells:

 Spells                   Type           Power      Damage    Failure   Level
 Beastly Appendage        Tmut           100%       N/A       1%          1
 Summon Small Mammal      Summ           100%       N/A       1%          1
 Wereblood                Tmut           68%        N/A       1%          2
 Gell's Gravitas          Tloc           77%        N/A       1%          3
 Lesser Beckoning         Tloc           100%       N/A       1%          3
 Portal Projectile        Hex/Tloc       100%       N/A       1%          3
 Spider Form              Tmut/Pois      45%        N/A       1%          3
 Stone Arrow              Conj/Erth      90%        3d12      1%          3
 Teleport Other           Tloc           77%        N/A       1%          3
 Petrify                  Tmut/Erth      68%        N/A       1%          4
 Blade Hands              Tmut           34%        N/A       1%          5
 Lee's Rapid Deconstruct  Erth           34%        3d17*     1%          5
 Iskenderun's Mystic Bla  Conj/Tloc      52%        2d11      2%          4
 Summon Ice Beast         Ice/Summ       51%        N/A       3%          4
 Freeze                   Ice            48%        1d6       4%          1
 Kiss of Death            Conj/Necr      48%        2d9       4%          1
 Necrotise                Necr           48%        1d6       4%          1
 Shock                    Conj/Air       48%        1d6       4%          1
 Slow                     Hex            48%        N/A       4%          1
 Ice Form                 Ice/Tmut       45%        N/A       4%          4
 Confusing Touch          Hex            12%        N/A       11%         3
 Dazzling Flash           Conj/Hex       24%        N/A       11%         3
 Frozen Ramparts          Ice            24%        1d4       11%         3
 Hailstorm                Conj/Ice       12%        3d5       11%         3
 Swiftness                Air            12%        N/A       11%         3
 Tukima's Dance           Hex            12%        N/A       11%         3
 Vampiric Draining        Necr           12%        2d6       11%         3
 Alistair's Intoxication  Tmut/Pois      30%        N/A       13%         5
 Borgnjor's Vile Clutch   Necr/Erth      22%        N/A       13%         5
 Airstrike                Air            6%         2d(1-17)  32%         4
 Dispel Undead            Necr           12%        3d9       32%         4
 Olgreb's Toxic Radiance  Pois           12%        N/A       32%         4
 Eringya's Noxious Bog    Tmut/Pois      22%        N/A       54%         6
 Freezing Cloud           Conj/Ice/Air   6%         6-21      65%         5
 Lightning Bolt           Conj/Air       6%         1d18      65%         5
 Metabolic Englaciation   Hex/Ice        6%         N/A       65%         5
 Disjunction              Tloc           38%        N/A       73%         8
 Summon Horrible Things   Summ           38%        N/A       78%         8
 Spellforged Servitor     Conj/Summ      25%        N/A       89%         7
 Storm Form               Tmut/Air       22%        N/A       96%         7
 Simulacrum               Ice/Necr       6%         N/A       99%         6
 Starburst                Conj/Fire      6%         6d4       99%         6
 Ozocubu's Refrigeration  Ice            6%         4d8       100%        7
 Ignition                 Fire           6%         3d4       100%        8
 Lehudib's Crystal Spear  Conj/Erth      22%        10d6      100%        8
 Maxwell's Capacitive Co  Air            6%         ∞         100%        8
 Polar Vortex             Ice            6%         N/A       100%        9
 Animate Armour           Summ/Erth      Unusable   N/A       N/A         4

Dungeon Overview and Level Annotations

Branches:
Dungeon (15/15)            Temple (0/1) D:4            Lair (5/5) D:9
  Swamp (4/4) Lair:3        Snake (4/4) Lair:2          Orc (2/2) D:11
    Elf (0/3) Orc:2        Vaults (5/5) D:14         Depths (3/4) D:15
   Hell (visited)             Dis (1/7) Hell            Coc (6/7) Hell
Ossuary (visited)          Bailey (visited)          WizLab (visited)
Gauntlet (visited)
  Slime: Lair:4-5     Crypt: Vaults:2-3     Geh: Hell:1         Tar: Hell:1

Altars:
Ashenzari
Cheibriados
Elyvilon
Fedhas
Makhleb
Sif Muna
Yredelemnul

Shops:
D:2 *   D:8 (   Orc:2 =:(:((   Snake:3 :[   Vaults:1 ?*   Vaults:5 (

Portals:
Hell: Depths:3
Pandemonium: Depths:1 Depths:3
Ziggurat: Depths:2

Annotations:
D:11 2 transporters, LetschGu's ghost, journeyman KoAE
Swamp:2 1 runed translucent door, Ablai's ghost, journeyman DgIE


Innate Abilities, Weirdness & Mutations

You are a living statue of rough stone.
Your actions are slow, but your melee attacks are powerful.
You are resistant to unholy torment.
Your maximum health is greatly increased.
You are immune to poison.
You cannot wear most types of armour.
You are amphibious.
You can wear up to eight rings at the same time.
Your skin changes colour to match your surroundings (Stealth+).
((Your rubbery body absorbs attacks. (AC +1, EV +1)))
You are camouflaged when in or above water. (Stealth+)
You have tentacles for arms and can constrict up to eight enemies at once.
One of your tentacles bears a spike.
You possess an exceptional clarity of mind.
Your body sometimes deteriorates upon taking damage.
You are vulnerable to cold. (rC-)


Message History

A torrent of water rises up through the elemental wellspring!
The torrent of water passes through the water elemental. x3
The torrent of water misses you.
The wave splashes down.
You block the water elemental's attack. The water elemental misses you.
A torrent of water rises up through the elemental wellspring!
The torrent of water passes through the water elemental.
The torrent of water misses you.
The wave splashes down.
The water elemental completely misses you. x2
Casting: Summon Forest (mildly dangerous; 1% risk of failure)
Confirm with . or Enter, or press ? or * to list all spells.
You feel a surge of power!
You turn into a living statue of rough stone.
The water elemental completely misses you.
A torrent of water rises up through the elemental wellspring!
The torrent of water passes through the water elemental. x2
The torrent of water hits you but does no damage.
You shrug off the wave.
You are knocked back by the torrent of water.
You slam into the rock wall!
* * * LOW HITPOINT WARNING * * *
Splash!
The wave splashes down.
You block the water elemental's attack.
Unknown command.
Unknown command.
Unknown command.
It's too cold; everything's frozen solid!
Okay, then.
As you read the scroll of teleportation, it crumbles to dust.
You feel strangely unstable.
A torrent of water rises up through the elemental wellspring!
The torrent of water passes through the water elemental. x2
The torrent of water misses you.
The wave splashes down.
You block the water elemental's attack.
A torrent of water rises up through the elemental wellspring!
The torrent of water passes through the water elemental. x3
The torrent of water hits you!!
* * * LOW HITPOINT WARNING * * *
You are knocked back by the torrent of water.
You slam into the rock wall!
You die...

#≈ #≈≈≈ ##
#≈≈≈≈ #≈
#≈≈≈≈≈
#≈###1≈≈≈≈.
....≈
#8EEW≈≈≈..
.....
#EEEE≈≈...
..≈.W
#EEEE≈≈≈≈..
.ZZ≈.
##EE≈≈≈≈≈≈.
≈≈≈≈≈
#E≈≈≈≈≈≈≈J
≈≈≈≈E
#≈≈≈≈≈≈≈≈.
#≈≈
♣≈≈≈≈≈≈≈.≈
#≈
♣≈≈#≈≈≈9.≈
##
#≈≈≈≈≈≈J§≈
#


You could see an Ice Fiend, 4 elemental wellsprings, a nargun, a freezing wraith
and 9 water elementals.

Vanquished Creatures
  An ancient lich (Vaults:5)
  Bai Suzhen (Swamp:4)
  9 shard shrikes (Coc:5)
  A golden dragon (Vaults:5)
  A bone dragon (Swamp:4)
  7 Ice Fiends
  3 tentacled monstrosities
  4 liches
  A quicksilver dragon (Depths:2)
  8 titans
  3 ancient champions (WizLab)
  3 shadow dragons
  5 tengu reavers
  Donald (Snake:3)
  4 sphinxes
  9 nagarajas (Snake:4)
  3 revenants (WizLab)
  6 narguns
  A fenstrider witch (Swamp:3)
  3 fire giants
  7 frost giants
  11 vault wardens
  4 iron dragons
  Aizul (Swamp:2)
  A caustic shrike zombie (WizLab)
  Louise (Swamp:2)
  8 ironbound preservers
  3 orc warlords
  A spectral caustic shrike (WizLab)
  2 cacodemons
  4 shard shrike simulacra
  12 stone giants
  2 reapers (Hell)
  4 war gargoyles
  8 very ugly things
  2 ironbound thunderhulks
  21 elemental wellsprings
  A vampire knight (Depths:1)
  3 halazid warlocks (WizLab)
  2 eleionomae
  A nameless horror (Hell)
  5 dire elephants
  5 wendigos
  A lorocyproca (Depths:1)
  A spectral titan (WizLab)
  2 eidola (WizLab)
  A minotaur (Gauntlet)
  2 crystal guardians
  5 bunyips
  3 deep elf death magi
  An iron golem (Dis:1)
  A quicksilver dragon zombie (Hell)
  Snorg (Orc:1)
  6 ettins
  2 spectral quicksilver dragons (WizLab)
  3 jiangshi (WizLab)
  2 fire dragons
  2 deep elf high priests
  2 great orbs of eyes
  A kraken zombie (Hell)
  7 ice dragons
  5 salamander tyrants (Snake:4)
  2 peacekeepers
  31 vault guards
  8 hydras
  5 yaktaur captains (Vaults:5)
  Fannar (D:11)
  A juggernaut simulacrum (Coc:6)
  3 rakshasas (Depths:2)
  2 spriggan air magi
  3 caustic shrike simulacra
  2 spriggan skeletons (Hell)
  A catoblepas (shapeshifter) (Vaults:4)
  3 ghost crabs (Swamp:4)
  A catoblepas (Gauntlet)
  5 anacondas
  2 centaur warriors
  3 two-headed ogres
  A death yak (Lair:5)
  4 alligators
  A death knight (D:15)
  14 naga warriors
  2 deep troll earth magi
  3 boulder beetles
  4 deep troll shamans
  7 hell hogs
  2 vampire magi
  9 tengu warriors
  6 orc high priests (Orc:2)
  6 naga sharpshooters
  Urug (D:12)
  A titan zombie (Hell)
  A shock serpent (shapeshifter) (Vaults:5)
  A deep elf knight (Vaults:5)
  Nergalle (Orc:1)
  2 soul eaters
  7 hell knights
  3 shock serpents
  11 sun demons
  A shadow wraith (WizLab)
  2 iron trolls (Depths:1)
  10 skeletal warriors
  5 salamander mystics
  A sixfirhy (Hell)
  2 spectral spark wasps (WizLab)
  3 goliath frogs
  A storm dragon skeleton (Hell)
  2 anaconda zombies (Hell)
  10 deep trolls
  4 flayed ghosts
  2 swamp dragons (Swamp:3)
  7 bog bodies
  A fenstrider witch simulacrum (Coc:1)
  2 quicksilver dragon simulacra
  4 wizards
  2 spectral hydras (Swamp:4)
  5 spriggan simulacra
  7 phantasmal warriors
  7 ironbound convokers
  A spectral wolf spider (WizLab)
  A lindwurm (shapeshifter) (Vaults:5)
  12 necromancers
  Pikel (D:5)
  8 orc knights
  5 naga ritualists
  A deep elf pyromancer (D:9)
  A wolf spider zombie (WizLab)
  2 mana vipers
  A spectral spriggan (WizLab)
  An oklob plant (Lair:5)
  2 orc sorcerers (Orc:2)
  16 ugly things
  A wolf spider (D:15)
  2 lindwurms
  13 salamanders
  A cyclops (shapeshifter) (Vaults:5)
  A will-o-the-wisp (Swamp:4)
  A moth of wrath (shapeshifter) (D:15)
  4 manticores
  5 cyclopes
  8 rust devils
  A naga zombie (Hell)
  6 molten gargoyles
  21 black mambas
  4 guardian serpents (Snake:4)
  12 vault sentinels
  A black mamba (shapeshifter) (D:14)
  3 torpor snails
  7 naga magi
  4 titan simulacra
  10 smoke demons
  2 naga skeletons (Hell)
  8 gargoyles
  An apocalypse crab (Gauntlet)
  2 ice statues (Hell)
  3 orange demons
  6 centaur skeletons
  A demonic crawler (Hell)
  A rime drake (Lair:1)
  4 cane toads
  3 hellions
  A swamp worm zombie (Swamp:4)
  2 kobold demonologists (D:10)
  A sea snake zombie (Hell)
  2 tormentors (Coc:1)
  7 freezing wraiths
  3 bunyip simulacra
  3 tengu conjurers
  11 yaktaurs
  3 anaconda simulacra
  2 iron giant simulacra
  7 komodo dragons (Lair:5)
  2 hellwings (Depths:3)
  11 ice devils
  A red devil (Hell)
  A shadow dragon simulacrum (Coc:1)
  7 hydra zombies
  2 bloated husks (Swamp:4)
  8 tyrant leeches
  A raiju (shapeshifter) (Vaults:5)
  7 alligator zombies (Swamp:4)
  9 slime creatures
  4 spectral swamp dragons (Swamp:4)
  5 blink frogs (Lair:5)
  A harpy skeleton (Hell)
  2 hydra skeletons (Hell)
  3 hornets
  A dream sheep (shapeshifter) (Depths:2)
  2 iron dragon simulacra
  3 spriggan zombies
  12 flying skulls (WizLab)
  A stone giant simulacrum (Coc:1)
  7 dire elephant simulacra
  An ettin skeleton (Hell)
  2 shadows (D:10)
  6 wyverns
  8 spriggans
  33 yaks
  2 wraiths
  A neqoxec (Depths:3)
  4 steam dragons
  13 vampire mosquitoes
  A redback (shapeshifter) (Depths:2)
  7 basilisks
  2 redbacks
  9 harpy simulacra
  4 wargs
  10 swamp worms
  16 nagas
  3 acid dragons
  7 water moccasins
  A hydra simulacrum (Coc:4)
  8 hell hounds
  3 swamp drakes
  Duvessa (D:5)
  30 orc warriors
  A swamp dragon zombie (Hell)
  An ice beast (D:7)
  2 ettin simulacra
  4 centaurs
  14 ogres
  15 wolves
  A boggart (D:14)
  A fire dragon simulacrum (Coc:1)
  A lemure (D:5)
  4 phantoms
  3 elf zombies (Ossuary)
  9 kobold brigands
  11 bullfrogs
  2 naga simulacra
  A necrophage (D:7)
  4 scorpions
  7 wights
  Dowan (D:5)
  15 killer bees
  2 howler monkeys
  4 lava snakes (Lair:5)
  4 centaur zombies
  A hound (D:5)
  A jelly (D:8)
  2 human zombies (Ossuary)
  29 orc priests
  An iguana (D:4)
  22 orc wizards
  A spectral swamp drake (Swamp:4)
  2 mummies (Ossuary)
  A swamp drake zombie (Swamp:4)
  4 gnolls (Orc:1)
  2 adders
  12 white imps (Orc:1)
  An adder zombie (Ossuary)
  A worm (D:2)
  A dart slug (D:4)
  71 orcs
  6 endoplasms
  3 giant cockroaches
  11 goblins
  6 hobgoblins
  3 jackals (D:5)
  A quokka (D:2)
  8 ball pythons
  A bat (D:3)
  3 frilled lizards
  8 hobgoblin zombies (Ossuary)
  A jackal zombie (Ossuary)
  24 kobolds
  10 kobold zombies (Ossuary)
  9 orc zombies (Ossuary)
  7 rats
  A rat zombie (Ossuary)
  4 tentacles (Hell)
1326 creatures vanquished.

Vanquished Creatures (collateral kills)
  Geryon (Hell)
  An elemental wellspring (Coc:4)
  A wendigo (Coc:4)
  A juggernaut simulacrum (Coc:4)
  A soul eater (Hell)
  A sun demon (Hell)
  A skeletal warrior (D:14)
  An orc knight (Vaults:2)
  A tormentor (Coc:4)
  A tengu conjurer (Depths:1)
  A golden dragon simulacrum (Coc:4)
  A bloated husk (Swamp:4)
  2 spriggans (Bailey)
  2 vampire mosquitoes (Swamp:4)
  A harpy simulacrum (Hell)
  A hydra simulacrum (Coc:3)
  An ettin simulacrum (Coc:4)
  2 wights (D:7)
  An adder (D:5)
22 creatures vanquished.

Vanquished Creatures (others)
  A shard shrike (Coc:5)
  3 eldritch tentacles
  A nargun (Coc:2)
  A shard shrike simulacrum (Coc:2)
  A vampire knight (Depths:2)
  A kraken zombie (Hell)
  A juggernaut simulacrum (Coc:2)
  A two-headed ogre (Bailey)
  A naga sharpshooter (Snake:4)
  A naga zombie (Hell)
  A titan simulacrum (Coc:2)
  2 anaconda simulacra
  3 hydra zombies (Swamp:4)
  A golden dragon simulacrum (Coc:2)
  2 bloated husks
  A stone giant simulacrum (Coc:2)
  A human simulacrum (Hell)
  A dire elephant simulacrum (Coc:3)
  3 flying skulls (WizLab)
  A water elemental (Hell)
  3 harpy simulacra
  A sky beast (D:7)
  An ogre (Bailey)
  A centaur (D:14)
  An orc (D:14)
  6 foxfires (Swamp:4)
  9 fungi
  8 plants
  A snaplasher vine (Coc:3)
  23 tentacles (Hell)
82 creatures vanquished.

Grand Total: 1430 creatures vanquished

Notes
Turn   | Place    | Note
-------+----------+-------------------------------------------
     0 | D:1      | M4edhros the Octopode Artificer began the quest for the
                  | Orb.
     0 | D:1      | Reached XP level 1. HP: 13/13 MP: 1/1
   258 | D:1      | Reached XP level 2. HP: 16/18 MP: 2/2
   370 | D:1      | Reached skill level 1 in Unarmed Combat
   563 | D:2      | Found Ruwnet's Assorted Antiques.
   589 | D:2      | Reached XP level 3. HP: 23/23 MP: 3/3
   730 | D:2      | Identified the +10 rapier "Qokoj" {spect, Fragile Str+7
                  | Dex+2}
   960 | D:4      | Reached XP level 4. HP: 28/28 MP: 4/4
   964 | D:4      | Reached skill level 1 in Short Blades
   974 | D:5      | Entered Level 5 of the Dungeon
  1129 | D:5      | Noticed Dowan
  1130 | D:5      | Noticed Duvessa
  1142 | D:5      | Reached XP level 5. HP: 34/34 MP: 5/5
  1147 | D:5      | Killed Duvessa
  1148 | D:5      | Reached XP level 6. HP: 33/39 MP: 6/6
  1153 | D:5      | Killed Dowan
  1154 | D:5      | Reached skill level 5 in Dodging
  1268 | D:6      | Found a snail-covered altar of Cheibriados.
  1281 | D:6      | Became a worshipper of Cheibriados the Contemplative
  1564 | D:4      | Reached XP level 7. HP: 45/45 MP: 7/7
  1631 | D:4      | Found the Hermit's Pendant {Faith Invo=14 Evo=0 MP+5}
  1804 | D:4      | Found a staircase to the Ecumenical Temple.
  1910 | D:5      | Noticed Pikel
  1925 | D:5      | Killed Pikel
  1926 | D:5      | Reached skill level 5 in Stealth
  1926 | D:5      | Reached skill level 5 in Evocations
  1926 | D:5      | Reached XP level 8. HP: 24/52 MP: 8/8
  1988 | D:5      | Reached * piety under Cheibriados
  2135 | D:7      | Reached skill level 5 in Short Blades
  2238 | D:7      | Found a white marble altar of Elyvilon.
  2322 | D:7      | Found a basalt altar of Yredelemnul.
  2362 | D:8      | Found a flagged portal.
  2374 | Bailey   | Entered a bailey
  2386 | Bailey   | Reached XP level 9. HP: 58/58 MP: 9/9
  2423 | Bailey   | Reached ** piety under Cheibriados
  2427 | Bailey   | Reached skill level 10 in Dodging
  2430 | Bailey   | Noticed a two-headed ogre
  2451 | Bailey   | Reached skill level 5 in Fighting
  2640 | D:8      | Noticed a cyclops
  2664 | D:8      | Reached skill level 1 in Invocations
  2664 | D:8      | Reached XP level 10. HP: 66/66 MP: 10/10
  2744 | D:8      | Found Gada's Antique Weapon Shoppe.
  2750 | D:8      | Noticed a two-headed ogre
  2756 | D:8      | Killed a two-headed ogre
  2764 | D:8      | Found a sand-covered staircase.
  2773 | Ossuary  | Entered an ossuary
  2879 | Ossuary  | Reached *** piety under Cheibriados
  3264 | D:7      | Found a burning altar of Makhleb.
  3334 | D:9      | Found a shimmering blue altar of Sif Muna.
  3386 | D:9      | Noticed a centaur warrior
  3386 | D:9      | Noticed a purple ugly thing
  3388 | D:9      | Killed a centaur warrior
  3389 | D:9      | Reached XP level 11. HP: 69/71 MP: 12/14
  3397 | D:9      | Killed a purple ugly thing
  3397 | D:9      | Reached **** piety under Cheibriados
  3435 | D:9      | Noticed a deep elf pyromancer
  3435 | D:9      | Noticed a two-headed ogre
  3520 | D:10     | Entered Level 10 of the Dungeon
  3550 | D:9      | Killed a two-headed ogre
  3612 | D:8      | Killed a cyclops
  3613 | D:8      | Reached skill level 10 in Stealth
  3663 | D:8      | Noticed a manticore
  3665 | D:8      | Killed a manticore
  3743 | D:9      | Killed a deep elf pyromancer
  3744 | D:9      | Reached skill level 5 in Invocations
  3922 | D:10     | Found a broken altar of Ashenzari.
  4021 | D:11     | Found a gate leading to a gauntlet.
  4031 | Gauntlet | Entered a Gauntlet
  4031 | Gauntlet | Noticed a catoblepas
  4031 | Gauntlet | Found a transporter.
  4031 | Gauntlet | Found a transporter.
  4033 | Gauntlet | Found a transporter.
  4033 | Gauntlet | Found a transporter.
  4043 | Gauntlet | Found a transporter.
  4047 | Gauntlet | Found a transporter.
  4083 | Gauntlet | Found a transporter.
  4085 | Gauntlet | Found a transporter.
  4086 | Gauntlet | Found a transporter.
  4088 | Gauntlet | Found a transporter.
  4088 | Gauntlet | Noticed a moth of wrath
  4089 | Gauntlet | a moth of wrath changed into a mana viper
  4089 | Gauntlet | Noticed a mana viper (shapeshifter)
  4090 | Gauntlet | Noticed a shock serpent
  4098 | Gauntlet | Found a runed translucent gate.
  4098 | Gauntlet | Found a runed translucent gate.
  4098 | Gauntlet | Found a runed translucent gate.
  4100 | Gauntlet | Found a transporter.
  4113 | Gauntlet | Noticed a fire crab
  4116 | Gauntlet | Found a transporter.
  4118 | Gauntlet | Noticed a two-headed ogre
  4119 | Gauntlet | Noticed a deep troll
  4123 | Gauntlet | Found a runed translucent door.
  4124 | Gauntlet | Noticed a manticore
  4125 | Gauntlet | a manticore changed into an orb spider
  4125 | Gauntlet | Noticed an orb spider (glowing shapeshifter)
  4127 | Gauntlet | Found a transporter.
  4140 | Gauntlet | Found a transporter.
  4198 | Gauntlet | Killed a catoblepas
  4200 | Gauntlet | Identified the ring of Kabby {rC++ rN+++ Int-3 Dex+6}
  4348 | Gauntlet | Noticed a sea snake
  4359 | Gauntlet | Noticed a deep troll
  4360 | Gauntlet | Noticed a storm dragon
  4360 | Gauntlet | a storm dragon changed into an azure jelly
  4360 | Gauntlet | Noticed an azure jelly (glowing shapeshifter)
  4361 | Gauntlet | an azure jelly changed into a stone giant
  4361 | Gauntlet | Noticed a stone giant (glowing shapeshifter)
  4365 | Gauntlet | Noticed an emperor scorpion
  4367 | Gauntlet | an emperor scorpion changed into a red draconian
  4367 | Gauntlet | Noticed a red draconian (glowing shapeshifter)
  4374 | Gauntlet | a red draconian changed into an azure jelly
  4374 | Gauntlet | Noticed an azure jelly (glowing shapeshifter)
  4374 | Gauntlet | an azure jelly changed into an iron troll
  4374 | Gauntlet | Noticed an iron troll (glowing shapeshifter)
  4379 | Gauntlet | an iron troll changed into a fenstrider witch
  4379 | Gauntlet | Noticed a fenstrider witch (glowing shapeshifter)
  4380 | Gauntlet | Reached XP level 12. HP: 68/80 MP: 11/16
  4392 | Gauntlet | Identified the amulet "Zyrhokhyh" {Reflect rC+ SH+5}
  4409 | Gauntlet | Identified the +8 war axe of the King {pain, rElec Will+
                  | Dex+4}
  4409 | Gauntlet | Identified the +5 chain mail of Claustrophobia {Harm
                  | Rampage rF+ rCorr}
  4409 | Gauntlet | Noticed a minotaur
  4432 | Gauntlet | Killed a minotaur
  4433 | Gauntlet | Reached skill level 1 in Shields
  4490 | Gauntlet | Identified the ring "Peifacw" {rPois Will+ Str-5 Dex+3}
  4543 | D:11     | Noticed LetschGu's ghost (journeyman KoAE)
  4546 | D:11     | Found a transporter.
  4591 | D:11     | Noticed Fannar
  4592 | D:11     | You fall into a shaft and drop 1 floor!
  4727 | D:12     | Noticed a two-headed ogre
  4732 | D:12     | Killed a two-headed ogre
  4754 | D:12     | Noticed Urug
  4766 | D:12     | Killed Urug
  4909 | D:11     | Found a transporter.
  4936 | D:11     | Killed Fannar
  4966 | D:11     | Reached ***** piety under Cheibriados
  5057 | D:10     | Reached skill level 5 in Shields
  6092 | D:11     | Found a staircase to the Orcish Mines.
  6097 | D:11     | Noticed a boulder beetle
  6101 | D:11     | Reached XP level 13. HP: 82/88 MP: 18/18
  6137 | Orc:1    | Entered Level 1 of the Orcish Mines
  6182 | Orc:1    | Reached ****** piety under Cheibriados
  6330 | Orc:1    | Noticed Nergalle
  6335 | Orc:1    | Noticed Snorg
  6340 | Orc:1    | Killed Nergalle
  6345 | Orc:1    | Killed Snorg
  6383 | Orc:2    | Entered Level 2 of the Orcish Mines
  6576 | Orc:2    | Found Inuus's Antique Weapon Emporium.
  6576 | Orc:2    | Found Usadeogh's Antique Weapon Shoppe.
  6576 | Orc:2    | Found Xothretamn's Book Shoppe.
  6579 | Orc:2    | Found Ximaenikk's Antique Weapon Emporium.
  6592 | Orc:2    | Bought a book of the Earth for 396 gold pieces
  6599 | Orc:2    | Learned a level 6 spell: Statue Form
  6677 | Orc:2    | Reached skill level 1 in Transmutations
  6698 | Orc:2    | Reached skill level 1 in Earth Magic
  6798 | Orc:2    | Reached skill level 1 in Spellcasting
  6806 | Orc:2    | Found Unnet's Self-Improvement Boutique.
  6888 | Orc:2    | Found a staircase to the Elven Halls.
  6908 | Orc:2    | Upgraded the game from 0.30-a0-509-gd016549fea to
                  | 0.30-a0-511-g0d9051e15b
  6919 | Orc:2    | Found Cochuiq's Jewellery Emporium.
  6927 | Orc:2    | Bought a ring of wizardry for 510 gold pieces
  7843 | D:9      | Identified the +1 chain mail of Kaofaq {Int+4}
  7855 | D:9      | Identified the +0 pair of gloves of Noon {Rampage Will++
                  | Dex-3}
  7868 | D:9      | Found a staircase to the Lair.
  7873 | Lair:1   | Entered Level 1 of the Lair of Beasts
  7890 | Lair:1   | Found a dark tunnel.
  7976 | Lair:2   | Found a staircase to the Snake Pit.
  8087 | Lair:3   | Reached XP level 14. HP: 91/97 MP: 19/19
  8113 | Lair:5   | Entered Level 5 of the Lair of Beasts
  8199 | Lair:5   | Reached skill level 10 in Shields
  8435 | Lair:5   | Reached skill level 5 in Earth Magic
  8439 | Lair:5   | Reached skill level 5 in Transmutations
  8546 | Lair:5   | Found a large runed translucent door.
  8551 | Lair:5   | Found a large runed translucent door.
  8726 | Lair:3   | Found a staircase to the Swamp.
  8789 | Swamp:1  | Entered Level 1 of the Swamp
  8823 | Swamp:1  | Identified the +8 shortbow "Zuebb" {flame, Dex+3}
  8961 | Swamp:3  | Noticed an eleionoma
  8969 | Swamp:3  | Killed an eleionoma
  9115 | Swamp:4  | Entered Level 4 of the Swamp
  9115 | Swamp:4  | Noticed Bai Suzhen
  9119 | Swamp:4  | Reached XP level 15. HP: 101/101 MP: 21/21
  9125 | Swamp:4  | Killed Bai Suzhen
  9190 | Swamp:4  | Gained mutation: You are vulnerable to cold. (rC-) [potion
                  | of mutation]
  9190 | Swamp:4  | Gained mutation: You possess an exceptional clarity of
                  | mind. [potion of mutation]
  9190 | Swamp:4  | Gained mutation: One of your tentacles bears a spike.
                  | [potion of mutation]
  9278 | Swamp:4  | HP: 4/101 [something (12)]
  9377 | Swamp:3  | Noticed a fenstrider witch
  9382 | Swamp:3  | Killed a fenstrider witch
  9388 | Swamp:3  | Found a blossoming altar of Fedhas.
  9535 | Swamp:4  | Learned a level 4 spell: Leda's Liquefaction
  9566 | Swamp:4  | Reached skill level 5 in Spellcasting
  9737 | Swamp:4  | Noticed a bone dragon
  9810 | Swamp:4  | Killed a bone dragon
  9848 | Swamp:4  | Got a decaying rune of Zot
  9950 | Swamp:2  | Noticed Aizul
  9953 | Swamp:2  | Noticed Louise
  9964 | Swamp:2  | Killed Aizul
  9965 | Swamp:2  | Killed Louise
  9978 | Swamp:2  | Found a runed translucent door.
  9982 | Swamp:2  | Noticed a tentacled monstrosity
  9984 | Swamp:2  | Noticed Ablai's ghost (journeyman DgIE)
 10131 | Snake:1  | Entered Level 1 of the Snake Pit
 10212 | Snake:4  | Entered Level 4 of the Snake Pit
 10216 | Snake:4  | Reached XP level 16. HP: 108/108 MP: 24/24
 10363 | Snake:4  | Noticed a nagaraja
 10370 | Snake:4  | Killed a nagaraja
 10403 | Snake:4  | Noticed a nagaraja
 10413 | Snake:4  | Noticed a nagaraja
 10415 | Snake:4  | Killed a nagaraja
 10423 | Snake:4  | Killed a nagaraja
 10473 | Snake:4  | Reached skill level 10 in Earth Magic
 10478 | Snake:4  | Noticed a nagaraja
 10486 | Snake:4  | Noticed a nagaraja
 10487 | Snake:4  | Killed a nagaraja
 10488 | Snake:4  | Reached skill level 10 in Transmutations
 10494 | Snake:4  | Killed a nagaraja
 10595 | Snake:4  | Noticed a nagaraja
 10603 | Snake:4  | Reached skill level 5 in Unarmed Combat
 10606 | Snake:4  | Killed a nagaraja
 10615 | Snake:4  | Noticed a nagaraja
 10686 | Snake:4  | Killed a nagaraja
 10734 | Snake:4  | Noticed a nagaraja
 10739 | Snake:4  | Noticed a nagaraja
 10753 | Snake:4  | Killed a nagaraja
 10761 | Snake:4  | Killed a nagaraja
 10765 | Snake:4  | Got a serpentine rune of Zot
 10865 | Snake:3  | Reached XP level 17. HP: 113/113 MP: 27/27
 10875 | Snake:3  | Found Ecvion's Armour Shop.
 10875 | Snake:3  | Found Ydwog's Book Boutique.
 10898 | Snake:3  | Learned a level 4 spell: Summon Lightning Spire
 10898 | Snake:3  | Bought a book of Party Tricks for 240 gold pieces
 10900 | Snake:3  | Learned a level 1 spell: Apportation
 11010 | Snake:3  | Noticed Donald
 11019 | Snake:3  | Killed Donald
 11045 | Snake:3  | Bought the Cyclopedia of Lightning and Elsewhere for 630
                  | gold pieces
 11051 | Snake:3  | Learned a level 5 spell: Summon Forest
 11147 | Snake:2  | Reached skill level 1 in Summonings
 11403 | D:14     | Found a gate to the Vaults.
 11410 | Vaults:1 | Entered Level 1 of the Vaults
 11410 | Vaults:1 | Found Wesokol's Assorted Antiques.
 11428 | Vaults:1 | Found Ehymexia's Magic Scroll Shoppe.
 11536 | Vaults:1 | You fall into a shaft and drop 1 floor!
 11539 | Vaults:2 | Noticed a sphinx
 11544 | Vaults:2 | Reached skill level 15 in Shields
 11559 | Vaults:2 | Killed a sphinx
 11616 | Vaults:2 | HP: 7/146 [vault warden/+2 vorpal great sword (2)]
 11639 | Vaults:2 | Found a flickering gateway to a bazaar.
 11651 | Vaults:2 | Reached skill level 5 in Summonings
 11667 | Bazaar   | Entered a bazaar
 11681 | Bazaar   | Found Kenewiv's Book Shoppe.
 11681 | Bazaar   | Found Wusebe's Jewellery Emporium.
 11703 | Bazaar   | Found Pedaeliu's Weapon Shoppe.
 11726 | Bazaar   | Found Kuegysat's Assorted Antiques.
 11726 | Bazaar   | Found Wianily's Antique Weapon Emporium.
 11732 | Bazaar   | Bought a scroll of poison for 96 gold pieces
 11887 | Vaults:4 | Reached skill level 1 in Translocations
 11903 | Vaults:5 | Entered Level 5 of the Vaults
 11906 | Vaults:5 | Noticed a lich
 11911 | Vaults:5 | Noticed a tentacled monstrosity
 11914 | Vaults:5 | Reached XP level 18. HP: 53/118 MP: 15/28
 11918 | Vaults:4 | Killed a lich
 12042 | Vaults:5 | Noticed a titan
 12059 | Vaults:4 | Killed a tentacled monstrosity
 12148 | Vaults:4 | Reached skill level 5 in Translocations
 12303 | Vaults:5 | Noticed a lich
 12312 | Vaults:5 | Killed a lich
 12362 | Vaults:5 | Noticed a lich
 12377 | Vaults:5 | Killed a lich
 12388 | Vaults:5 | Got the Lessons on Battle Magic
 12521 | Vaults:5 | Identified the +4 trident "Suilohabb" {pain, rC++}
 12546 | Vaults:5 | an iron dragon changed into a golden dragon
 12546 | Vaults:5 | Noticed a golden dragon (glowing shapeshifter)
 12600 | Vaults:5 | Got a silver rune of Zot
 12616 | Vaults:5 | Reached skill level 10 in Summonings
 12620 | Vaults:5 | Noticed a golden dragon
 12629 | Vaults:5 | Noticed a titan
 12631 | Vaults:5 | Noticed an ancient lich
 12633 | Vaults:5 | Killed a golden dragon
 12634 | Vaults:5 | Reached XP level 19. HP: 96/124 MP: 18/29
 12635 | Vaults:5 | Killed an ancient lich
 12636 | Vaults:5 | Reached skill level 10 in Unarmed Combat
 12724 | Vaults:5 | Identified the +10 battleaxe of Judgement {protect, rN++
                  | Will+ rCorr Stlth-}
 12752 | Vaults:5 | Identified the +0 chain mail "Zeuhasar" {+Blink rElec
                  | rCorr}
 12774 | Vaults:5 | Noticed a tentacled monstrosity
 12784 | Vaults:5 | Killed a tentacled monstrosity
 12799 | Vaults:5 | Found Tiasmenu's Weapon Emporium.
 13192 | Vaults:1 | Bought a scroll of teleportation for 45 gold pieces
 13287 | Vaults:1 | Learned a level 7 spell: Malign Gateway
 13421 | D:14     | Identified the +8 whip of the Endless March {freeze, rN++
                  | Str-3 Int+4}
 13429 | D:14     | Found a burning altar of Makhleb.
 13459 | D:14     | Reached skill level 10 in Fighting
 13647 | Orc:2    | Bought an amulet of regeneration for 510 gold pieces
 13822 | D:15     | Entered Level 15 of the Dungeon
 13991 | D:15     | Found a staircase to the Depths.
 14020 | Depths:1 | Entered Level 1 of the Depths
 14037 | Depths:1 | Found a magical portal.
 14069 | WizLab   | Entered Borgnjor's Mausoleum
 14139 | WizLab   | Reached XP level 20. HP: 134/134 MP: 30/30
 14154 | WizLab   | Reached skill level 10 in Translocations
 14301 | WizLab   | Got Hiluttod's Spellbook of Dusty Wanderlust
 14469 | Depths:1 | Found a one-way gate leading to the halls of Pandemonium.
 14501 | Depths:1 | Found a broken altar of Ashenzari.
 15032 | Depths:2 | Found a one-way gateway to a ziggurat.
 15110 | Depths:3 | Found a gateway to Hell.
 15133 | Hell     | Entered the Vestibule of Hell
 15133 | Hell     | Noticed Geryon
 15145 | Hell     | Killed Geryon
 15160 | Hell     | Reached XP level 21. HP: 132/144 MP: 7/31
 15215 | Depths:3 | Gained mutation: Your body sometimes deteriorates upon
                  | taking damage. [a cacodemon]
 15375 | Hell     | Reached skill level 10 in Invocations
 15394 | Hell     | Reached skill level 10 in Evocations
 15424 | Hell     | Found a gateway to the Iron City of Dis.
 15433 | Dis:1    | Entered Level 1 of the Iron City of Dis
 15515 | Hell     | Found a gateway to the freezing wastes of Cocytus.
 15565 | Coc:1    | Entered Level 1 of Cocytus
 15586 | Coc:1    | Upgraded the game from 0.30-a0-511-g0d9051e15b to
                  | 0.30-a0-535-g2c0b3469a7
 15790 | Coc:2    | HP: 1/191 [titan/the air (42)]
 15837 | Coc:2    | Paralysed by a wendigo for 1 turns
 15850 | Coc:2    | Paralysed by a wendigo for 1 turns
 15890 | Coc:3    | HP: 9/191 [Ice Fiend/bolt of cold (2)]
 15932 | Hell     | Reached XP level 22. HP: 128/154 MP: 19/32
 16627 | Coc:4    | Reached skill level 15 in Unarmed Combat
 16719 | Coc:5    | Noticed a shard shrike
 16719 | Coc:5    | Noticed a shard shrike
 16850 | Coc:5    | Noticed a shard shrike
 16851 | Coc:5    | Noticed a shard shrike
 16856 | Coc:5    | Noticed a shard shrike
 16857 | Coc:5    | Noticed a shard shrike
 16858 | Coc:5    | Killed a shard shrike
 16870 | Coc:5    | Killed a shard shrike
 16870 | Coc:5    | Killed a shard shrike
 16870 | Coc:5    | Killed a shard shrike
 16929 | Coc:5    | Noticed a shard shrike
 16929 | Coc:5    | Noticed a shard shrike
 16930 | Coc:5    | Noticed a shard shrike
 16931 | Coc:5    | Killed a shard shrike
 16931 | Coc:5    | Killed a shard shrike
 16931 | Coc:5    | Killed a shard shrike
 16931 | Coc:5    | Noticed a shard shrike
 16932 | Coc:5    | Reached skill level 15 in Fighting
 16932 | Coc:5    | Killed a shard shrike
 16935 | Coc:5    | Killed a shard shrike
 16935 | Coc:5    | Killed a shard shrike
 17031 | Coc:6    | HP: 6/204 [elemental wellspring/torrent of water (26)]
 17031 | Coc:6    | Collided with a rock wall

Illustrated notes

Levels and vault maps discovered:
D:1:      dpeg_arrival_yet_another_circle, layout_loops_ring, bh_walls_and_bars
D:2:      layout_loops_ring, serial_shops, shop
D:3:      layout_rooms, grunt_decor_junction
D:4:      layout_rooms, temple_doors_cd
D:5:      layout_gridville, nicolae_hepliaklqana_monster_ancestors, uniq_pikel,
          uniq_duvessa, uniq_blork_the_orc
D:6:      cheibrodos_iron_armory, layout_layer_cave, kennysheep_mini,
          mainiacjoe_overflow_big_doors
D:7:      layout_basic, kennysheep_ying_yang,
          mainiacjoe_overflow_concentric_impassable
D:8:      layout_gridville, serial_shops, nicolae_shop_stone, enter_ossuary_1,
          enter_bailey_3, st_stairs_4, chequers_serial_rivers_large_a,
          kennysheep_just_a_vault
D:9:      layout_irregular_city, mainiacjoe_overflow_paths, lair_entry_dummy,
          minmay_fractal_squares_gapless_7
D:10:     cheibrodos_statue_roulette, layout_basic, general_overflow_altar
D:11:     layout_irregular_city, david_orc_3, nzn_ghost_randoct,
          gauntlet_entry_generic, uniq_fannar
D:12:     layout_basic, serial_bayou_pond_d, uniq_urug
D:13:     argonaut_augean_stables, layout_loops_ring, special_room
          [special_room_bee], serial_shops, kennysheep_little_box, uniq_rupert
D:14:     regret_index_combs_of_tragedy, layout_cave_pools,
          hangedman_vaults_entry_quadrant_bands, serial_glass, glass_columns_b,
          glass_columns_a, glass_columns_a, glass_columns_b, glass_columns_c,
          glass_columns_b, bloody_makhleb
D:15:     hangedman_depths_entry_try_elsewhere_first, layout_cave_pools,
          chequers_serial_rivers_room_b, patterned_corridor
Lair:1:   layout_layer_cave, enter_volcano_1, uniq_erica, uniq_gastronok
Lair:2:   layout_cave_pods, dummy_snake_entry, grunt_megastairs_2
Lair:3:   layout_misc_corridors, skrybe_swamp_entry_bodies,
          nicolae_lair_lindhole
Lair:4:   layout_misc_corridors, dpeg_slime_entry_enclosed,
          serial_bayou_shore_a, grunt_megastairs_5, lemuel_fruit_tree
Lair:5:   cheibrodos_lair_end_hotspot, layout_regular_city
Swamp:1:  layout_basic_swamp, nicolae_swamp_tree_isthmus,
          nicolae_swamp_little_swirl, infiniplex_staircase_pool, uniq_roxanne
Swamp:2:  layout_basic_swamp, ebering_ghost_inner_flame,
          evilmike_swamp_ruin_rubble_1, uniq_aizul, uniq_louise
Swamp:3:  layout_basic_swamp, basic_altar, swamp_pool1, st_swamp_ruins_2
Swamp:4:  swamp_pestilence, layout_basic_swamp, uniq_bai_suzhen
Snake:1:  layout_honeycomb, serial_shops, shop, nicolae_shop_statue_plus,
          grunt_ministairs_5
Snake:2:  layout_chambers, basic_altar
Snake:3:  layout_concentric_octagons, nicolae_shop_firing_range,
          minmay_shoptagon, uniq_donald
Snake:4:  grunt_snake_rune_spirals, layout_onion
Orc:1:    layout_diamond_mine, portal_ice_cave_entry_imps, uniq_nergalle,
          uniq_snorg
Orc:2:    st_orc_mages, layout_diamond_mine, serial_shops,
          nicolae_shop_hallway_stairs, basic_altar, nicolae_shop_self_help
Vaults:1: ontoclasm_vaults_misaligned, nicolae_vaults_meeting, v_pattern_3,
          grunt_vaults_focal, v_alt_pattern_4, vaults_room_ringed_pool,
          vaults_dpeg_emergency_exit, layout_vaults_omnigrid, serial_shops,
          nicolae_shop_crystal, nicolae_shop_trees, nicolae_shop_waterfront,
          nicolae_shop_hallway_stairs, shop
Vaults:2: v_misc_13, nicolae_vaults_shelves_hall,
          ontoclasm_vaults_loading_screen, st_hourglassy,
          nicolae_vaults_ninety_degrees, nicolae_vaults_network_quinsquares
          [nicolae_vaults_network_quincunx_subvault,
          nicolae_vaults_network_quincunx_subvault,
          nicolae_vaults_network_quincunx_subvault,
          nicolae_vaults_network_quincunx_subvault],
          nicolae_vaults_ring_of_whatevers, v_misc_23, ontoclasm_vaults_gateway,
          v_misc_17, vaults_room_corners, grunt_vaults_bifocal,
          nicolae_vaults_asterisk, dpeg_vaults_monster_box,
          layout_vaults_omnicross, serial_shops, bzr_entry_customers,
          uniq_saint_roka
Vaults:3: hangedman_vaults_snaps, v_misc_1, minmay_crypt_entry_simple_walls,
          nicolae_vaults_stairing_the_circle, ontoclasm_vaults_ring_large,
          v_misc_30, vaults_room_grid, hangedman_vaults_river_flow,
          vaults_dpeg_encased_lava, v_misc_24, nicolae_vaults_theta,
          layout_vaults_ring, uniq_asterion
Vaults:4: nicolae_vaults_halls_meeting, ontoclasm_vaults_fault, v_misc_3,
          v_rooms_5, vaults_room_hallway, nicolae_vaults_angled_halls,
          v_misc_12, nicolae_vaults_specimen_jars, dpeg_vaults_monster_row,
          nicolae_vaults_network_square, vaults_room_door_ring,
          layout_vaults_chaotic_city
Vaults:5: serial_shops
Depths:1: layout_cave_shapes, rand_demon_pan_entry_3, hell_entry,
          mu_enter_wizlab_1, grunt_decor_arrowhead, evilmike_ruin_ashenzari
Depths:2: nzn_winding_woodlands_medium [nzn_winding_woodlands_5x5_checkerboard,
          nzn_winding_woodlands_5x15_parted,
          nzn_winding_woodlands_5x5_open_star,
          nzn_winding_woodlands_5x5_default,
          nzn_winding_woodlands_center_diamonds,
          nzn_winding_woodlands_5x5_perimeter, nzn_winding_woodlands_5x5_three,
          nzn_winding_woodlands_5x15_sawtooth,
          nzn_winding_woodlands_5x5_closed_star], layout_honeycomb,
          enter_ziggurat_b, grunt_pan_entry_in_and_out, hell_entry,
          minmay_misc_feat_room, minmay_staircase_bubble
Depths:3: minmay_expanding_circles, layout_long_grid, grunt_pan_entry_zigzag,
          serial_shops, nicolae_shop_trees, hell_entry,
          hangedman_abyss_or_decor_lesser_grid, abyss_entry_crystal
Hell
Dis:1:    layout_jigsaw
Coc:1:    nicolae_coc_through_the_icewall, layout_cocytus_water_paths
Coc:2:    layout_cocytus_delve
Coc:3:    layout_cocytus_water_paths
Coc:4:    layout_cocytus_delve
Coc:5:    layout_ice_bergs, nicolae_coc_downstairs_cove
Coc:6:    layout_cocytus_water_paths

Skill      XL: |  1  2  3  4  5  6  7  8  9 10 11 12 13 14 15 16 17 18 19 20 21 22 |
---------------+-------------------------------------------------------------------+-----
Unarmed Combat | 1 3 6 8 9 11 13 14 15 | 15.9
Dodging        | 3 4 5 7 8 10 13 14 | 14.2
Stealth        | 2 3 4 5 6 7 9 11 13 14 | 14.1
Short Blades   | 1 2 3 4 5 7 8 9 |  9.0
Fighting       | 2 3 4 5 6 8 9 10 12 14 15 | 15.3
Evocations     | 4 5 6 7 8 9 10 | 10.2
Invocations    | 1 4 6 7 8 9 10 | 10.3
Shields        | 6 9 11 12 14 15 | 15.5
Transmutations | 3 6 9 10 | 10.1
Earth Magic    | 3 7 9 10 | 10.1
Spellcasting   | 2 4 5 7 |  7.3
Summonings     | 6 10 11 12 | 12.3
Translocations | 3 8 9 10 11 12 | 12.7

Action                   |  1- 3 |  4- 6 |  7- 9 | 10-12 | 13-15 | 16-18 | 19-21 | 22-24 || total
-------------------------+-------+-------+-------+-------+-------+-------+-------+-------++-------
Melee: Unarmed           |    46 |       |       |       |       |       |   174 |   199 ||   419
       Tentacles         |    14 |     4 |    10 |    77 |   171 |   211 |   373 |    60 ||   920
       Constrict         |    17 |     5 |    14 |    61 |   118 |    92 |   151 |    12 ||   470
       Rapier            |    13 |    24 |    63 |   282 |   611 |   556 |   808 |       ||  2357
       Punch             |       |       |     3 |     4 |    26 |    59 |   129 |    28 ||   249
       Kick              |       |       |       |       |    87 |   311 |   564 |    96 ||  1058
Throw: Dart              |       |       |       |     4 |     4 |     2 |       |       ||    10
 Cast: Statue Form       |       |       |       |       |     7 |    48 |    58 |    24 ||   137
       Leda's Liquefacti |       |       |       |       |     1 |       |       |       ||     1
       Apportation       |       |       |       |       |       |    13 |    16 |       ||    29
       Summon Forest     |       |       |       |       |       |     1 |     4 |     2 ||     7
       Summon Lightning  |       |       |       |       |       |     1 |     4 |       ||     5
       Malign Gateway    |       |       |       |       |       |       |     2 |     1 ||     3
Invok: Slouch            |       |       |       |     1 |     5 |    17 |    19 |     9 ||    51
       Step From Time    |       |       |       |       |       |       |       |     1 ||     1
Evoke: Wand              |       |     4 |    12 |     4 |    27 |     2 |     1 |     5 ||    55
       Condenser vane    |       |       |       |       |       |       |     1 |       ||     1
  Use: Scroll            |       |       |       |    20 |    11 |     4 |     3 |     1 ||    39
       Potion            |       |       |       |     4 |     6 |     3 |     1 |       ||    14
 Stab: Sleeping          |    12 |     5 |    10 |    46 |    49 |     6 |     8 |       ||   136
       Betrayed ally     |       |     1 |       |       |       |       |       |       ||     1
       Distracted        |       |       |     1 |     4 |    34 |    23 |    43 |       ||   105
       Invisible         |       |       |       |       |     2 |     1 |       |       ||     3
Armor: Skin              |     2 |       |       |     8 |    18 |   127 |   290 |    91 ||   536
Dodge: Dodged            |    37 |     7 |    44 |   181 |   360 |   792 |  1835 |   499 ||  3755
Block: Buckler           |       |       |       |    15 |       |       |       |       ||    15
       Kite shield       |       |       |       |    93 |   604 |  1132 |  1815 |   381 ||  4025
       Reflection        |       |       |       |     4 |    28 |    99 |    44 |       ||   175

Table legend: (Time is in decaauts)
 A = Elapsed time spent in this place.
 B = Non-inter-level travel time spent in this place.
 C = Inter-level travel time spent in this place.
 D = Time resting spent in this place.
 E = Time spent auto-exploring this place.
 F = Levels seen in this place.
 G = Mean time per level.
                   A        B        C        D        E       F      G
               +--------+--------+--------+--------+--------+-----+--------+
         Total |  29781 |  24849 |   4932 |    131 |   1082 |  51 |  583.9 |
       Dungeon |  10330 |   8272 |   2058 |      0 |    932 |  15 |  688.7 |
          Lair |   1774 |   1391 |    383 |      0 |      0 |   5 |  354.8 |
         Swamp |   2323 |   2114 |    209 |      0 |     12 |   4 |  580.8 |
     Snake Pit |   2208 |   1808 |    400 |      0 |      0 |   4 |  552.0 |
  Orcish Mines |   1728 |   1375 |    353 |      0 |      0 |   2 |  864.0 |
        Vaults |   3827 |   3259 |    568 |      0 |      0 |   5 |  765.4 |
        Depths |   1758 |   1584 |    174 |      0 |      0 |   3 |  586.0 |
          Hell |   1026 |   1026 |      0 |      0 |      0 |   1 | 1026.0 |
           Dis |     44 |     44 |      0 |      0 |      0 |   1 |   44.0 |
       Cocytus |   2570 |   1786 |    784 |    112 |      0 |   6 |  428.3 |
        Bazaar |    186 |    186 |      0 |      0 |      0 |   1 |  186.0 |
       Ossuary |    286 |    286 |      0 |      0 |    119 |   1 |  286.0 |
        Bailey |    344 |    344 |      0 |      0 |      0 |   1 |  344.0 |
        Wizlab |    678 |    678 |      0 |      0 |      0 |   1 |  678.0 |
      Gauntlet |    692 |    692 |      0 |     19 |     19 |   1 |  692.0 |
               +--------+--------+--------+--------+--------+-----+--------+

Top non-repeatable levels by time:
    D:10: 1996 daAuts
     D:9: 1469 daAuts
     D:8: 1290 daAuts
 Snake:4: 1275 daAuts
Vaults:5: 1229 daAuts
 Swamp:4: 1150 daAuts
Vaults:4: 1143 daAuts
   Orc:2: 1077 daAuts
    Hell: 1026 daAuts
  Lair:5: 961 daAuts
Vaults:1: 953 daAuts
   Coc:1: 886 daAuts
Depths:2: 786 daAuts
Gauntlet: 692 daAuts
    D:12: 691 daAuts
